Map: Overgrown Facility

Players

PureLegacy

  • Race: Terran Terran
  • League: Master
  • Spawn Location: 7:00

Losingthesum

  • Race: Zerg Zerg
  • Spawn Location: 9:00

Mejkstar

  • Race: Terran Terran
  • Spawn Location: 3:00

Chaos

  • Race: Terran Terran
  • Spawn Location: 1:00

VOD

Have the link to the VOD?

Description

Time

  • Played on: Dec. 7, 2018, 7:23 a.m.
  • Length: 10:00
Show
View Real Time Build Order
Export as new Build Order

PureLegacy Terran 

Build Orders:  

Get SALT Encoding   

  12  0:05  SCV  
  13  0:17  SCV  
  13  0:18  Supply Depot  
  15  0:35  SCV  
  15  0:37  Refinery  
  15  0:44  Barracks  
  15  0:49  SCV  
  16  1:01  SCV  
  16  1:03  Barracks  
  17  1:24  Barracks, SCV  
  18  1:34  Reaper  
  19  1:41  Orbital Command  
  19  1:52  Refinery, Reaper  
  20  2:05  Supply Depot  
  21  2:09  Reaper  
  21  2:17  Reaper  
  21  2:18  SCV  
  23  2:27  Reaper  
  24  2:30  SCV  
  24  2:34  Supply Depot  
  25  2:41  Reaper  
  25  2:43  SCV  
  27  2:49  Reaper  
  28  2:55  SCV  
  29  3:03  Reaper  
  30  3:13  Reaper  
  30  3:19  SCV  
  32  3:21  Reaper, Command Center  
  33  3:37  Reaper  
  33  3:49  Reaper  
  33  3:55  SCV  
  36  3:59  Barracks  
  36  4:00  Barracks  
  35  4:11  SCV  
  35  4:14  Supply Depot  
  33  4:21  Barracks Reactor, Barracks Tech Lab  
  33  4:22  Barracks Reactor  
  33  4:24  SCV  
  32  4:26  Factory  
  32  4:42  Marine, Stimpack  
  32  4:43  SCV  
  32  4:44  Orbital Command  
  34  4:51  Marine x2  
  36  4:59  Marine  
  37  5:09  Marine x2  
  37  5:13  Marine  
  37  5:14  Marine x3  
  39  5:16  SCV  
  39  5:17  Marine, SCV, Starport  
  39  5:18  Factory Reactor  
  41  5:33  SCV x2  
  41  5:34  Marine x6  
  41  5:35  Marine  
  48  5:37  Engineering Bay  
  49  5:45  SCV x2  
  51  5:54  Barracks Reactor x2  
  52  5:57  SCV x2  
  52  6:00  Supply Depot  
  52  6:03  Terran Infantry Weapons Level 1  
  53  6:09  Marine x5, SCV x2  
  60  6:16  Supply Depot  
  60  6:21  SCV x2  
  60  6:22  Factory Tech Lab  
  60  6:25  Refinery  
  62  6:26  Refinery, Medivac x2  
  66  6:33  Supply Depot  
  66  6:39  SCV x2  
  68  6:42  Supply Depot  
  68  6:43  Siege Tank  
  71  6:47  Marine x2  
  71  6:48  Marine x5  
  75  6:59  Marine x2  
  76  7:02  SCV x2  
  76  7:03  Combat Shield  
  76  7:05  Marine x3  
  76  7:06  Marine  
  82  7:08  Marine x3  
  82  7:14  Supply Depot  
  85  7:16  Marine  
  85  7:17  Marine  
  85  7:18  Supply Depot  
  85  7:20  Siege Tank  
  90  7:23  SCV x2  
  90  7:29  Marine x2  
  92  7:35  Supply Depot, Marine x3  
  97  7:37  Medivac  
  97  7:41  Medivac  
  101  7:50  Supply Depot x2  
  101  7:55  Marine  
  101  7:56  Marine x4  
  105  8:03  Marine x2  
  105  8:05  Terran Infantry Armor Level 1  
  91  8:15  Medivac x2  
  95  8:23  Command Center  
  95  8:25  Marine x6  
  95  8:26  Marine x2  
  103  8:32  Marine  
  104  8:36  Armory  
  104  8:38  Engineering Bay  
  101  8:48  Medivac  
  101  8:49  Medivac  
  101  8:50  Siege Tank  
  101  8:53  SCV x2  
  110  9:03  Factory, Supply Depot  
  106  9:10  Marine x6  
  108  9:17  Marine  
  108  9:18  Medivac  
  108  9:19  Medivac  
  108  9:23  Siege Tank  
  91  9:30  Marine  
Show
View Real Time Build Order
Export as new Build Order

Losingthesum Zerg 

Build Orders: Hatch First 

Get SALT Encoding   

  12  0:10  Drone  
  13  0:16  Overlord  
  13  0:20  Drone  
  14  0:36  Drone x2  
  16  0:44  Drone  
  17  0:59  Extractor  
  17  1:00  Hatchery  
  15  1:09  Extractor  
  14  1:14  Spawning Pool  
  14  1:17  Drone  
  14  1:20  Drone  
  16  1:28  Drone x2  
  18  1:38  Drone  
  19  1:51  Drone  
  20  2:02  Drone  
  21  2:10  Metabolic Boost  
  21  2:11  Queen  
  21  2:14  Drone x2  
  25  2:19  Queen  
  27  2:27  Overlord  
  27  2:29  Drone  
  28  2:36  Overlord  
  28  2:48  Drone  
  28  2:50  Drone  
  30  2:54  Zergling x4  
  30  2:55  Drone  
  32  3:03  Baneling Nest  
  31  3:08  Evolution Chamber  
  30  3:13  Drone x2  
  32  3:22  Drone x3  
  32  3:23  Drone  
  36  3:27  Drone x2  
  38  3:35  Zerg Melee Weapons Level 1  
  38  3:37  Drone  
  39  3:51  Hatchery  
  39  3:52  Queen  
  40  3:57  Drone  
  40  3:58  Drone  
  40  3:59  Drone  
  40  4:00  Drone  
  44  4:07  Overlord  
  44  4:15  Lair  
  44  4:17  Extractor  
  44  4:18  Drone  
  44  4:19  Extractor  
  44  4:22  Overlord  
  44  4:23  Drone  
  44  4:27  Drone  
  44  4:28  Drone x2  
  47  4:36  Drone x2  
  49  4:40  Drone x2  
  49  4:42  Zergling x4  
  49  4:44  Baneling x4  
  54  4:45  Zergling x2  
  54  4:59  Zergling x2  
  55  5:06  Drone x5  
  55  5:07  Drone x2  
  62  5:14  Drone x2  
  62  5:18  Queen  
  66  5:39  Overlord x2  
  66  5:40  Zerg Melee Weapons Level 2  
  66  5:42  Lair  
  66  5:55  Overlord  
  66  6:03  Drone  
  66  6:04  Drone  
  68  6:06  Pneumatized Carapace  
  68  6:10  Drone  
  69  6:11  Drone x2  
  69  6:12  Drone x7  
  69  6:13  Drone x4  
  69  6:17  Extractor  
  81  6:22  Evolution Chamber  
  81  6:24  Evolution Chamber  
  79  6:28  Hydralisk Den  
  79  6:30  Drone x4  
  82  6:40  Extractor  
  82  6:43  Extractor  
  80  6:58  Hydralisk  
  80  6:59  Hatchery  
  80  7:00  Overlord  
  81  7:03  Zerg Missile Weapons Level 1, Overlord  
  81  7:04  Overlord  
  81  7:11  Centrifical Hooks  
  81  7:34  Hydralisk x3  
  81  7:35  Hydralisk  
  81  7:36  Overlord  
  89  7:40  Overlord  
  89  7:51  Infestation Pit  
  88  7:55  Lurker Den  
  88  7:56  Zerg Ground Armor Level 1  
  88  7:57  Muscular Augments  
  87  7:59  Spire  
  86  8:09  Drone x2  
  86  8:10  Drone  
  86  8:12  Overlord  
  89  8:13  Drone x6  
  89  8:14  Drone x3  
  98  8:30  Queen  
  98  8:31  Drone x4  
  104  8:34  Drone  
  104  8:36  Overlord  
  105  8:47  Hydralisk x3, Extractor  
  105  8:48  Hydralisk x5, Extractor  
  112  8:52  Overlord x3  
  112  8:54  Overlord  
  119  9:12  Nydus Network  
  118  9:17  Hydralisk x4  
  118  9:20  Hydralisk  
  118  9:21  Hydralisk x5  
  118  9:24  Zergling x6  
  141  9:31  Hydralisk  
  141  9:32  Hydralisk x3  
  141  9:33  Overlord  
  149  9:39  Zergling x8  
Show
View Real Time Build Order
Export as new Build Order

Mejkstar Terran 

Build Orders: Reaper Expand 

Get SALT Encoding   

  12  0:00  SCV  
  13  0:13  SCV  
  14  0:18  Supply Depot  
  14  0:25  SCV  
  15  0:40  SCV  
  15  0:41  Barracks  
  16  0:47  Refinery  
  16  0:52  SCV  
  17  1:04  SCV  
  18  1:16  SCV  
  19  1:29  Orbital Command  
  19  1:31  Reaper  
  20  1:41  Command Center  
  20  1:55  Barracks, SCV  
  21  2:04  Barracks Reactor  
  21  2:06  Supply Depot  
  21  2:09  SCV  
  22  2:16  Refinery  
  22  2:21  SCV  
  23  2:33  SCV  
  23  2:36  Factory  
  24  2:40  Marine x2  
  26  2:45  Barracks Tech Lab, SCV  
  26  2:58  Marine x2  
  28  3:01  SCV  
  29  3:12  Marine, Orbital Command  
  28  3:15  Marine, Stimpack  
  28  3:17  SCV  
  31  3:22  Marine  
  32  3:30  Marine  
  32  3:32  Hellion  
  32  3:33  Marine  
  27  3:49  SCV x2  
  26  4:00  Marine x2  
  26  4:01  Marine, SCV x2  
  31  4:13  SCV x2  
  33  4:18  Factory Reactor  
  33  4:20  Marine x2  
  33  4:21  Marine  
  33  4:22  Starport  
  36  4:25  SCV  
  36  4:27  SCV  
  38  4:37  SCV  
  38  4:38  Marine x2  
  41  4:48  Marine  
  41  4:52  SCV x2  
  43  4:56  Marine  
  43  4:57  Supply Depot  
  43  4:58  Supply Depot  
  34  5:13  SCV x2  
  31  5:25  SCV  
  31  5:26  SCV  
  31  5:28  Marine x3, Combat Shield  
  35  5:31  Factory Tech Lab  
  35  5:34  Medivac  
  35  5:35  Medivac  
  39  5:38  SCV x2  
  41  5:47  Supply Depot, Marine  
  41  5:48  Supply Depot  
  41  5:49  Marine x2  
  43  5:50  SCV  
  43  5:51  SCV  
  46  6:02  SCV  
  46  6:03  SCV  
  48  6:04  Marine  
  48  6:06  Medivac  
  48  6:07  Marine x2  
  53  6:14  SCV  
  53  6:15  SCV  
  53  6:17  Refinery  
  55  6:18  Refinery  
  55  6:26  SCV  
  55  6:27  SCV  
  57  6:34  Marine, Siege Tank  
  57  6:35  Marine  
  57  6:38  SCV  
  57  6:39  SCV  
  64  6:47  Engineering Bay x2  
  64  6:50  SCV  
  64  6:51  SCV  
  64  6:56  Marine x3  
  62  7:02  SCV  
  62  7:04  SCV  
  62  7:05  Barracks x2  
  62  7:07  Medivac  
  66  7:14  SCV, Siege Tank  
  70  7:18  SCV  
  71  7:23  Terran Infantry Armor Level 1, Terran Infantry Weapons Level 1  
  71  7:28  Marine x3  
  74  7:37  SCV x2  
  74  7:41  Medivac  
  78  7:48  Command Center  
  74  7:52  SCV x2  
  74  7:56  Marine x3  
  72  8:04  SCV x2  
  71  8:13  Supply Depot  
  71  8:16  SCV x2  
  73  8:24  Armory  
  73  8:28  SCV  
  73  8:33  SCV  
  75  8:37  Barracks Reactor  
  75  8:38  Barracks Reactor  
  75  8:41  SCV  
  76  8:45  SCV  
  77  8:51  Marine x3  
  77  8:52  Supply Depot x3  
  77  8:53  SCV  
  81  8:57  SCV  
  81  8:58  Siege Tank  
  85  9:09  Marine  
  86  9:10  Marine  
  86  9:11  Marine  
  86  9:12  Medivac x2  
  86  9:16  Marine x4  
  91  9:27  Marine  
  91  9:30  Marine x2  
  92  9:34  Marine x2  
Show
View Real Time Build Order
Export as new Build Order

Chaos Terran 

Build Orders:  

Get SALT Encoding   

  12  0:02  SCV  
  13  0:15  SCV  
  13  0:19  Supply Depot  
  14  0:27  SCV  
  15  0:41  SCV  
  16  0:45  Barracks  
  16  0:48  Refinery  
  16  0:53  SCV  
  17  1:05  SCV  
  18  1:17  SCV  
  19  1:31  Barracks Reactor  
  19  1:32  Orbital Command  
  19  1:45  Command Center  
  19  1:52  Supply Depot  
  19  1:57  SCV  
  20  2:07  Marine x2  
  22  2:09  SCV  
  22  2:14  Factory  
  23  2:21  SCV  
  24  2:24  Refinery  
  24  2:25  Marine x2  
  26  2:37  SCV  
  26  2:43  Marine x2  
  29  2:49  SCV  
  30  2:57  Factory Tech Lab  
  30  2:58  Starport  
  30  3:00  Marine, SCV  
  30  3:01  Marine, SCV  
  34  3:12  SCV  
  35  3:17  Siege Tank  
  35  3:18  Marine  
  35  3:19  Marine  
  37  3:36  Marine  
  37  3:42  SCV, Orbital Command  
  37  3:43  Supply Depot  
  37  3:46  Medivac  
  40  3:54  SCV  
  41  3:57  Marine x2  
  41  3:58  Siege Tank  
  46  4:03  Supply Depot  
  46  4:06  SCV  
  47  4:19  SCV x2  
  47  4:22  Medivac, Supply Depot  
  51  4:31  SCV x2  
  52  4:43  SCV  
  53  4:46  SCV, Command Center  
  54  4:55  SCV  
  54  4:56  Supply Depot  
  54  4:58  SCV  
  56  5:04  Factory Reactor  
  56  5:07  SCV  
  56  5:13  Marine  
  58  5:15  SCV  
  58  5:19  Refinery x2, SCV  
  60  5:22  Engineering Bay  
  60  5:23  Engineering Bay  
  60  5:24  Stimpack  
  60  5:27  Starport Reactor, SCV  
  61  5:29  Barracks x2  
  61  5:31  SCV  
  61  5:33  Supply Depot  
  62  5:47  SCV  
  62  5:48  SCV  
  64  5:50  Terran Infantry Armor Level 1, Factory Tech Lab, Terran Infantry Weapons Level 1  
  64  5:58  Marine  
  64  6:00  Orbital Command  
  64  6:02  Barracks  
  64  6:03  Barracks  
  65  6:04  Medivac x2  
  65  6:06  SCV x2  
  71  6:17  Marine x2  
  73  6:19  Siege Tank  
  73  6:22  Orbital Command  
  73  6:23  SCV x2  
  78  6:33  Marine x2  
  78  6:39  Armory  
  80  6:41  Marine x2  
  82  6:47  SCV x2  
  82  6:48  SCV  
  85  6:56  Barracks Reactor  
  85  6:57  Barracks Reactor  
  85  6:59  SCV x2  
  87  7:04  Marine x4  
  87  7:07  Marine  
  92  7:13  Supply Depot x2  
  92  7:15  Supply Depot x2  
  92  7:17  Siege Tank  
  92  7:22  Marine  
  96  7:23  SCV x3  
  96  7:24  Refinery  
  96  7:25  Barracks x2, Combat Shield  
  96  7:26  Refinery  
  96  7:27  Barracks  
  96  7:29  Medivac  
  101  7:32  Factory  
  101  7:34  Missile Turret  
  101  7:35  Medivac, Missile Turret  
  103  7:38  SCV x2  
  103  7:39  SCV  
  106  7:46  Missile Turret  
  106  7:48  Missile Turret x2  
  106  7:56  Missile Turret  
  106  7:57  Marine x2  
  108  8:05  Marine x6, SCV x2  
  116  8:18  SCV x2  
  116  8:19  Missile Turret  
  118  8:23  Barracks Reactor  
  118  8:24  Barracks Tech Lab, Barracks Reactor  
  118  8:28  Marine x9  
  127  8:34  Medivac  
  127  8:38  Supply Depot  
  127  8:39  Supply Depot  
  127  8:40  Supply Depot  
  129  8:41  Supply Depot  
  129  8:46  Marine  
  129  8:48  Siege Tank  
  133  8:49  Factory Tech Lab  
  133  8:53  Supply Depot  
  132  9:05  Marine x10  
  132  9:06  Factory, Marauder x2  
  146  9:15  Siege Tank  
  136  9:30  Marine x10  
  152  9:51  Factory Tech Lab  
  152  9:52  Supply Depot  
Tags
 
Add a new tag
Caveats
  • Supply blocks, unpowered buildings, or Contaminate may cause inaccurate times.
  • Supply counts are checked every 10 seconds.